 Dungeon Crawl Stone Soup version 0.28-a0-655-g4eb62b627b (webtiles) character file.

Game seed: 12256164299594159021

1698 Gwenloh the Cleaver (level 8, -6/71 HPs)
             Began as a Minotaur Gladiator on Oct 12, 2021.
             Mangled by an ogre (29 damage)
             ... on level 6 of the Dungeon.
             The game lasted 00:19:10 (5791 turns).

Gwenloh the Cleaver (Minotaur Gladiator)            Turns: 5791, Time: 00:19:11

Health: -6/71      AC: 11    Str: 19    XL:     8   Next: 72%
Magic:  7/7        EV: 13    Int:  5    God:
Gold:   40         SH:  0    Dex: 20    Spells: 7/7 levels left

rFire   . . .      SeeInvis .   a - +1 battleaxe (elec)
rCold   . . .      Faith    .   (shield currently unavailable)
rNeg    . . .      Spirit   .   r - +3 scale mail
rPois   .          Reflect  .   c - +0 hat
rElec   .          Harm     .   (no cloak)
rCorr   .          Rampage  .   (no gloves)
Will    .....                   m - +0 pair of boots
Stlth   ..........              (no amulet)
HPRegen 0.21/turn               k - +6 ring of dexterity
MPRegen 0.10/turn               (no ring)

@: no status effects
A: horns 2, retaliatory headbutt
a: no special abilities


You were on level 6 of the Dungeon.
You visited 1 branch of the dungeon, and saw 6 of its levels.

You collected 249 gold pieces.
You spent 209 gold pieces at shops.

Inventory:

Hand Weapons
 a - a +1 battleaxe of electrocution (weapon)
 b - a +0 arbalest
 v - a +0 war axe
 w - a +0 morningstar of protection
 C - a +0 hunting sling
Missiles
 d - 4 throwing nets
 h - 139 stones (quivered)
 l - 145 arrows
 p - 2 boomerangs
 A - 18 bolts
 B - 2 javelins
Armour
 c - a +0 hat (worn)
 i - a +0 chain mail
 m - a +0 pair of boots (worn)
 r - a +3 scale mail (worn)
Jewellery
 f - a ring of protection from cold
 k - a +6 ring of dexterity (left hand)
Wands
 q - a wand of charming (6)
 x - a wand of iceblast (7)
 y - a wand of mindburst (12)
Scrolls
 n - a scroll of teleportation
 o - 2 scrolls of amnesia
 t - 3 scrolls of blinking
 z - 2 scrolls of fog {unknown}
Potions
 e - 2 potions of attraction
 g - a potion of heal wounds
 j - 2 potions of resistance
 s - a potion of berserk rage {unknown}
 u - 2 potions of brilliance {unknown}
 D - a potion of curing


   Skills:
 + Level 6.5 Fighting
 * Level 9.3 Axes
 - Level 2.0 Throwing
 + Level 5.5 Armour
 + Level 6.3 Dodging


You had 7 spell levels left.
You didn't know any spells.
Your spell library contained the following spells:

 Spells                   Type           Power      Damage    Failure   Level
 Sting                    Tmut/Pois      0%         1d3       83%         1
 Poisonous Vapours        Pois/Air       0%         N/A       92%         2
 Sublimation of Blood     Necr           0%         N/A       92%         2
 Wereblood                Tmut           0%         N/A       92%         2
 Tukima's Dance           Hex            0%         N/A       99%         3
 Olgreb's Toxic Radiance  Pois           0%         N/A       100%        4
 Passage of Golubria      Tloc           N/A        N/A       100%        4
 Yara's Violent Unravell  Hex/Tmut       0%         3d3       100%        5
 Summon Hydra             Summ           0%         N/A       100%        7


Dungeon Overview and Level Annotations

Branches:
Dungeon (6/15)             Temple (0/1) D:6

Altars:

Shops:
D:2 ?   D:6 !(


Innate Abilities, Weirdness & Mutations

You have a pair of horns on your head.
You reflexively headbutt those who attack you in melee.


Message History

You hit the water moccasin but do no damage.
You miss the adder. The water moccasin bites you. The adder misses you.
You furiously retaliate!
You headbutt the adder! The water moccasin closely misses you.
You slash the adder!
You kill the adder!
You barely miss the water moccasin. The water moccasin closely misses you.
The water moccasin bites you but does no damage.
You barely miss the water moccasin. You barely miss the orc.
A sky beast appears from thin air!
Reactivating autopickup.
The orc misses you. You furiously retaliate!
You headbutt the orc!
You kill the orc!
The water moccasin bites you but does no damage.
The ogre misses you.
You hit the water moccasin but do no damage.
Your headbutt misses the water moccasin.
You slash the ogre! The water moccasin closely misses you.
You furiously retaliate!
You headbutt the water moccasin! The water moccasin barely misses you.
The ogre hits you with a +0 giant spiked club!!
You closely miss the ogre.
You headbutt the ogre, but do no damage.
The ogre is moderately wounded.
You barely miss the water moccasin.
The water moccasin bites you but does no damage.
The water moccasin bites you.
You are poisoned.
The water moccasin poisons you!
You slash the ogre!
The ogre is almost dead.
You slash the water moccasin!
You feel very sick.
The ogre hits you with a +0 giant spiked club!!
* * * LOW HITPOINT WARNING * * *
The water moccasin bites you but does no damage.
You feel better. The water moccasin barely misses you. You furiously retaliate!
You headbutt the water moccasin, but do no damage.
The ogre hits you with a +0 giant spiked club!!
You die...

## #...#....##
##'#..##..#.#.#.
##..##).##.....##....#........
#..##'##?.....(#....#........
#.##..##(..8..)##..##.#......
#.#....# ..... ##†##..#.>....
##.†....# ....##..###.##.....
###..##..#+ ZY##....#!..#.....
#.....#### #O#'....#..##.#.##
###..## ##@S##..##.....####
#### +....####.......###
#....#..........##.
#######..##.......#.....
##....#####........#.....
#......#.....#.....#.....
#...........###>...#.....
###.........# ###..#....∩
#....#.#### ######...


You could see a water moccasin, a sky beast, an ogre and a water moccasin
zombie.

Vanquished Creatures
  A water moccasin (D:6)
  2 sky beasts
  An ice beast (D:6)
  An ogre (D:5)
  Blork the orc (D:4)
  A bullfrog (D:6)
  A scorpion (D:5)
  3 water moccasin zombies
  A killer bee (D:4)
  A water moccasin skeleton (D:5)
  An electric eel (D:6)
  2 bullfrog zombies
  2 bullfrog skeletons
  2 hounds
  3 jellies (D:6)
  5 iguanas
  3 orc wizards
  A hound zombie (D:5)
  A hound skeleton (D:5)
  Robin (D:3)
  A howler monkey skeleton (D:5)
  7 adders
  An ufetubus (D:5)
  4 adder skeletons
  4 worms
  4 dart slugs
  22 orcs
  6 endoplasms
  A giant cockroach (D:2)
  8 hobgoblins
  9 kobolds
  3 quokkas
  3 training dummies (D:6)
  6 ball pythons
  7 bats
  2 frilled lizards
  12 goblins
  2 rats
136 creatures vanquished.

Notes
Turn   | Place    | Note
-------+----------+-------------------------------------------
     0 | D:1      | Gwenloh the Minotaur Gladiator began the quest for the Orb.
     0 | D:1      | Reached XP level 1. HP: 18/18 MP: 0/0
   136 | D:1      | Reached skill level 4 in Axes
   147 | D:1      | Reached XP level 2. HP: 25/25 MP: 1/1
   731 | D:2      | Reached XP level 3. HP: 31/31 MP: 2/2
  1170 | D:2      | Found Heas's Magic Scroll Boutique.
  1182 | D:2      | Bought a scroll of identify for 26 gold pieces
  1182 | D:2      | Bought a scroll of identify for 26 gold pieces
  1289 | D:2      | Reached skill level 1 in Armour
  1856 | D:3      | Noticed Robin
  2003 | D:2      | Reached XP level 4. HP: 38/38 MP: 3/3
  2008 | D:3      | Killed Robin
  2039 | D:3      | Reached skill level 5 in Axes
  2157 | D:3      | Reached XP level 5. HP: 45/45 MP: 4/4
  2311 | D:3      | Found a faded altar of an unknown god.
  2816 | D:2      | Bought a scroll of identify for 26 gold pieces
  2816 | D:2      | Bought a scroll of identify for 26 gold pieces
  2926 | D:4      | Reached skill level 6 in Axes
  2926 | D:4      | Reached XP level 6. HP: 33/52 MP: 5/5
  3279 | D:4      | Noticed Blork the orc
  3292 | D:4      | Killed Blork the orc
  3663 | D:5      | Entered Level 5 of the Dungeon
  3748 | D:5      | Reached XP level 7. HP: 60/60 MP: 6/6
  3796 | D:5      | Reached skill level 7 in Axes
  3796 | D:5      | Reached skill level 5 in Dodging
  3994 | D:5      | Reached skill level 5 in Fighting
  4604 | D:5      | Reached skill level 8 in Axes
  4604 | D:5      | Reached XP level 8. HP: 69/69 MP: 7/7
  4772 | D:6      | Found Sucinuth's Firing Range.
  4794 | D:6      | Found a staircase to the Ecumenical Temple.
  4831 | D:6      | Bought a +0 arbalest for 45 gold pieces
  4841 | D:6      | Found Bowkoddimiry's Distillery.
  4858 | D:6      | Bought 2 potions of curing for 60 gold pieces
  4953 | D:6      | Reached skill level 5 in Armour
  5644 | D:6      | Reached skill level 9 in Axes
  5791 | D:6      | Mangled by an ogre

Illustrated notes

Levels and vault maps discovered:
D:1:      amcnicky_arrival_underground_garden, layout_rooms,
          serial_park_tiny_pond, chequers_serial_rivers_room_b,
          chequers_serial_rivers_micro_b
D:2:      layout_basic, serial_shops, shop
D:3:      layout_basic, ebering_ecumenical_altar_webs, minmay_surrounded,
          uniq_robin
D:4:      layout_cave_pools, uniq_blork_the_orc
D:5:      layout_rooms, hangedman_minor_gate_pass
D:6:      minmay_bubble_buster, layout_cave_pools,
          minmay_temple_entry_large_hall, serial_shops, shop, moated_statue,
          kennysheep_pointless_box, nicolae_shop_firing_range

Skill      XL: |  1  2  3  4  5  6  7  8 |
---------------+-------------------------+-----
Axes           | 4 5 6 8 9 |  9.3
Fighting       | 3 4 5 6 |  6.5
Armour         | 1 2 3 4 5 |  5.5
Dodging        | 4 5 6 |  6.3
Throwing       | |  2.0

Action                   |  1- 3 |  4- 6 |  7- 9 || total
-------------------------+-------+-------+-------++-------
Melee: War axe           |    62 |    44 |       ||   106
       Headbutt          |    10 |    16 |    14 ||    40
       Battleaxe         |       |     6 |    92 ||    98
 Fire: Hunting sling     |    13 |   104 |    58 ||   175
       Arbalest          |       |       |    20 ||    20
Throw: Stone             |    57 |     6 |     6 ||    69
  Use: Scroll            |     4 |     6 |     3 ||    13
       Potion            |       |       |     1 ||     1
 Stab: Sleeping          |     1 |       |       ||     1
Armor: Leather armour    |     2 |       |       ||     2
       Chain mail        |    42 |    26 |       ||    68
       Scale mail        |       |     3 |    58 ||    61
Dodge: Dodged            |    45 |    33 |    90 ||   168

Table legend: (Time is in decaauts)
 A = Elapsed time spent in this place.
 B = Non-inter-level travel time spent in this place.
 C = Inter-level travel time spent in this place.
 D = Time resting spent in this place.
 E = Time spent auto-exploring this place.
 F = Levels seen in this place.
 G = Mean time per level.
                   A        B        C        D        E       F      G
               +--------+--------+--------+--------+--------+-----+--------+
         Total |   5853 |   5601 |    252 |    781 |   3680 |   6 |  975.5 |
       Dungeon |   5853 |   5601 |    252 |    781 |   3680 |   6 |  975.5 |
               +--------+--------+--------+--------+--------+-----+--------+

Top non-repeatable levels by time:
     D:2: 1192 daAuts
     D:4: 1083 daAuts
     D:6: 1039 daAuts
     D:3: 1026 daAuts
     D:5: 858 daAuts
     D:1: 654 daAuts
